 Dungeon Crawl Stone Soup version 0.30-a0-779-g7971cf19c3 (webtiles) character file.

Game seed: 9087692213323649903

4 Pimp the Magician (level 1, -1/13 HPs)
             Began as a Demonspawn Hedge Wizard on Feb 17, 2023.
             Slain by a gnoll
             ... wielding a +0 whip
              (9 damage)
             ... on level 1 of the Dungeon.
             The game lasted 00:00:45 (186 turns).

Pimp the Magician (Demonspawn Hedge Wizard)          Turns: 186, Time: 00:00:45

Health: -1/13      AC:  2    Str: 10    XL:     1   Next: 50%
Magic:  4/4        EV: 12    Int: 15    God:
Gold:   0          SH:  0    Dex: 12    Spells: 5/6 levels left

rFire   . . .      SeeInvis .    a - +0 dagger
rCold   . . .      Faith    .    (no shield)
rNeg    . . .      Spirit   .    b - +0 robe
rPois   .          Reflect  .    c - +0 hat
rElec   .          Harm     .    (no cloak)
rCorr   .          Rampage  .    (no gloves)
Will    .....                    (no boots)
Stlth   ++                       (no amulet)
HPRegen 0.22/turn                (no ring)
MPRegen 0.09/turn                (no ring)

@: no status effects
A: no striking features
a: no special abilities


You were on level 1 of the Dungeon.
You visited 1 branch of the dungeon, and saw 1 of its levels.

Inventory:

Hand Weapons
 a - a +0 dagger (weapon)
Armour
 b - a +0 robe (worn)
 c - a +0 hat (worn)
Scrolls
 e - a scroll of brand weapon {unknown}
Potions
 d - a potion of magic


   Skills:
 + Level 1.8 Dodging
 + Level 1.7 Stealth
 + Level 3.2 Spellcasting
 + Level 1.0 Conjurations
 + Level 1.0 Summonings
 + Level 0.8 Translocations


You had 5 spell levels left.
You knew the following spells:

 Your Spells              Type           Power      Damage    Failure   Level
a - Magic Dart            Conj           20%        1d4       13%         1

Your spell library contained the following spells:

 Spells                   Type           Power      Damage    Failure   Level
 Slow                     Hex            8%         N/A       21%         1
 Call Imp                 Summ           5%         N/A       21%         2
 Blink                    Tloc           8%         N/A       22%         2
 Cigotuvi's Dreadful Rot  Necr/Pois/Air  4%         N/A       30%         2
 Mephitic Cloud           Conj/Pois/Air  3%         N/A       45%         3


Dungeon Overview and Level Annotations

Branches:
Dungeon (1/15)

Altars:


Message History

You hit the frilled lizard.
You kill the frilled lizard!
Found a scroll labelled RAOVAC SUODGH.
You see here a frilled lizard corpse.
e - a scroll labelled RAOVAC SUODGH You see here a frilled lizard corpse.
You open the door.
There is an open door here.
A goblin comes into view. It is wielding a +0 dagger.
The goblin shouts!
The goblin moves out of view.
A goblin and a bat come into view.
A gnoll comes into view. It is wielding a +0 whip.
The bat moves out of view.
The gnoll shouts!
The goblin closely misses you.
You hit the goblin.
The goblin is heavily wounded.
The goblin hits you but does no damage.
You barely miss the goblin.
The goblin is heavily wounded.
The goblin misses you.
You hit the goblin.
You kill the goblin!
The bat hits you but does no damage. The bat barely misses you.
You see here a +0 dagger.
The bat misses you. The bat attacks as you move away!
The bat barely misses you. The bat misses you.
You hit the bat.
The bat is moderately wounded.
The bat hits you. The gnoll hits you with a +0 whip.
The bat barely misses you. x2; The gnoll closely misses you.
You completely miss the bat.
The bat is moderately wounded.
The bat hits you but does no damage. The bat closely misses you.
The gnoll hits you with a +0 whip!
Ouch! That really hurt!
You die...

.# #.# .# #.#
.. #.# ###
#.###########
#...........#
###########.#
#########.#
........#b#
........#@#
.......)g.#
........###
........#
........#
........#
........#
........#
........#


You could see a gnoll and a bat.

Vanquished Creatures
  A goblin (D:1)
  A ball python (D:1)
  2 frilled lizards (D:1)
  A kobold (D:1)
5 creatures vanquished.

Notes
Turn   | Place    | Note
-------+----------+-------------------------------------------
     0 | D:1      | Pimp the Demonspawn Hedge Wizard began the quest for the
                  | Orb.
     0 | D:1      | Reached XP level 1. HP: 13/13 MP: 4/4
   186 | D:1      | Slain by a gnoll

Illustrated notes

Levels and vault maps discovered:
D:1:      lightli_arrival_chessboard, layout_basic

Action                     || total
---------------------------++-------
  Melee: Dagger            ||    25
   Cast: Magic Dart        ||     1
 Armour: Robe              ||     5
  Dodge: Dodged            ||    24

Table legend: (Time is in decaauts)
 A = Elapsed time spent in this place.
 B = Non-inter-level travel time spent in this place.
 C = Inter-level travel time spent in this place.
 D = Time resting spent in this place.
 E = Time spent auto-exploring this place.
 F = Levels seen in this place.
 G = Mean time per level.
                   A        B        C        D        E       F      G
               +--------+--------+--------+--------+--------+-----+--------+
         Total |    186 |    186 |      0 |      6 |    122 |   1 |  186.0 |
       Dungeon |    186 |    186 |      0 |      6 |    122 |   1 |  186.0 |
               +--------+--------+--------+--------+--------+-----+--------+

Top non-repeatable levels by time:
     D:1: 186 daAuts
